AoeStats
← APTokyo

Arabia

510214713Analyzed
3v3 RM · 18h ago on Sep 30, 2026· 59m 2s· 6 players
Game mode
Random Map
Map size
Normal (6 player)
Population
200
Speed
Normal
Resources
Standard
Victory
Conquest
Starting age
Dark Age
Ending age
Imperial Age
RankedLock teamsTeams togetherTeam positionsShared explorationLock speedFull tech treeHidden civsTurbo modeCheats
Victory
Defeat
🇵🇪 Goths · Peru
1235
+13
🇦🇷 Persians · Argentina
1225
+14
🇦🇷 Aztecs · Argentina
1189
+15
🇺🇸 Franks · United States
1213
-15
🇺🇸 Saxons · United States
1189
-15
🇺🇸 Wu · United States
1123
-12
EIM | Virgin King
6:15 Loom
9:10 Feudal Age
10:21 Double-Bit Axe
21:30 Castle Age
20:06 Scale Barding Armor
20:13 Bloodlines
20:15 Forging
19:49 Horse Collar
22:30 Chain Barding Armor
22:07 Gold Mining
22:20 Heavy Plow
22:35 Bow Saw
23:53 Husbandry
24:17 Husbandry
35:33 Iron Casting
36:40 Wheelbarrow
36:00 Stone Mining
37:49 Hand Cart
42:16 Imperial Age
41:07 Gold Shaft Mining
40:38 Town Watch
40:45 Fletching
43:24 Plate Barding Armor
43:50 Blast Furnace
42:32 Heavy Camel Rider
42:44 Cavalier
43:40 Citadels
45:22 Chemistry
44:45 Savar
46:10 Conscription
46:14 Bodkin Arrow
47:55 Hoardings
47:31 Padded Archer Armor
MaxTorres04
6:42 Loom
9:10 Feudal Age
9:19 Man-at-Arms
10:29 Double-Bit Axe
16:52 Wheelbarrow
16:31 Horse Collar
20:57 Castle Age
19:42 Fletching
19:53 Padded Archer Armor
21:16 Elite Skirmisher
23:23 Long Swordsman
25:29 Stone Mining
26:25 Gold Mining
28:31 Pikeman
30:40 Bow Saw
36:40 Hand Cart
38:38 Forging
38:28 Scale Mail Armor
46:01 Imperial Age
43:18 Town Watch
44:08 Anarchy
45:13 Iron Casting
44:53 Chain Mail Armor
48:12 Blast Furnace
46:41 Two-Handed Swordsman
49:06 Champion
53:04 Elite Huskarl
54:32 Town Patrol
57:33 Chemistry
56:53 Ballistics
57:53 Treadmill Crane
Tha_Kela
7:00 Loom
10:15 Feudal Age
19:01 Forging
18:51 Scale Mail Armor
19:28 Scale Mail Armor
21:43 Arson
23:34 Double-Bit Axe
23:24 Man-at-Arms
28:32 Castle Age
29:08 Eagle Warrior
30:53 Iron Casting
30:51 Squires
31:57 Pikeman
37:24 Chain Mail Armor
46:32 Wheelbarrow
50:48 Imperial Age
50:22 Murder Holes
50:49 Ballistics
53:13 Chemistry
52:26 Elite Eagle Warrior
60:00 Garland Wars
CoachTone
7:49 Loom
10:22 Feudal Age
11:09 Double-Bit Axe
14:59 Fletching
16:42 Horse Collar
22:06 Castle Age
21:09 Padded Archer Armor
21:09 Stone Mining
21:12 Gold Mining
22:08 Crossbowman
22:09 Elite Skirmisher
23:17 Pikeman
24:25 Squires
24:45 Bow Saw
26:11 Scale Mail Armor
26:23 Forging
27:41 Town Watch
31:36 Iron Casting
31:17 Chain Mail Armor
30:53 Arson
32:17 Man-at-Arms
34:26 Wheelbarrow
35:59 Long Swordsman
43:11 Imperial Age
44:38 Sitting Tiger
45:51 Blast Furnace
45:22 Plate Mail Armor
44:46 Two-Handed Swordsman
44:47 Halberdier
46:24 Conscription
46:39 Bodkin Arrow
47:47 Champion
49:42 Bracer
54:00 Leather Archer Armor
53:51 Scale Barding Armor
54:49 Chemistry
54:09 Ballistics
55:30 Heavy Plow
PaperDrake921
6:34 Loom
9:14 Feudal Age
9:59 Double-Bit Axe
14:57 Forging
19:54 Scale Barding Armor
24:26 Castle Age
25:31 Chain Barding Armor
25:47 Iron Casting
24:50 Light Cavalry
26:12 Gold Mining
27:48 Wheelbarrow
29:40 Bow Saw
30:06 Wheelbarrow
34:34 Hand Cart
43:44 Imperial Age
43:53 Cavalier
44:35 Fletching
47:52 Scale Mail Armor
48:53 Blast Furnace
48:17 Conscription
48:56 Husbandry
50:10 Paladin
51:39 Plate Barding Armor
APTokyo
7:04 Loom
7:12 Loom
9:35 Feudal Age
10:53 Double-Bit Axe
19:53 Fletching
21:34 Wheelbarrow
25:34 Castle Age
24:13 Padded Archer Armor
26:17 Bodkin Arrow
33:04 Bow Saw
33:07 Horse Collar
47:09 Wheelbarrow
46:52 Squires
46:37 Gambesons
46:12 Man-at-Arms
47:20 Scale Mail Armor
48:21 Town Watch
49:50 Chain Mail Armor
51:51 Hand Cart
52:06 Forging
54:44 Imperial Age
53:38 Iron Casting
53:42 Heavy Plow
53:33 Gold Mining
53:35 Stone Mining
53:48 Arson
57:24 Plate Mail Armor
Connection lost

Rejoining the realm…

Still unreachable

The connection could not be restored.

Session expired

The server has moved on; the page needs a fresh start.